 Dungeon Crawl Stone Soup version 0.29.1-12-g30fa7ad0bf (webtiles) character file.

Game seed: 11948079964607717146

2 shoemetal68 the Magician (level 1, 0/13 HPs)
             Began as a Human Hedge Wizard on Dec 21, 2022.
             Slain by a hobgoblin (1 damage)
             ... on level 1 of the Dungeon.
             The game lasted 00:01:08 (129 turns).

shoemetal68 the Magician (Human Hedge Wizard)        Turns: 129, Time: 00:01:08

Health: 0/13       AC:  2    Str: 10    XL:     1   Next: 44%
Magic:  3/4        EV:  9    Int: 14    God:
Gold:   11         SH:  0    Dex: 12    Spells: 5/6 levels left

rFire   . . .      SeeInvis .   e - +0 mace (holy)
rCold   . . .      Faith    .   (no shield)
rNeg    . . .      Spirit   .   b - +0 robe
rPois   .          Reflect  .   c - +0 hat
rElec   .          Harm     .   (no cloak)
rCorr   .          Rampage  .   (no gloves)
Will    .....                   (no boots)
Stlth   ++........              (no amulet)
HPRegen 0.04/turn               (no ring)
MPRegen 0.09/turn               (no ring)

@: very slightly contaminated, constricted
A: no striking features
a: no special abilities


You were on level 1 of the Dungeon.
You visited 1 branch of the dungeon, and saw 1 of its levels.

You collected 11 gold pieces.

Inventory:

Hand Weapons
 a - a +0 dagger
 e - a +0 mace of holy wrath (weapon)
Armour
 b - a +0 robe (worn)
 c - a +0 hat (worn)
Potions
 d - a potion of magic
 f - a potion of cancellation {unknown}


   Skills:
 + Level 2.1 Dodging
 + Level 2.0 Stealth
 + Level 3.0 Spellcasting
 + Level 1.0 Conjurations
 + Level 1.0 Summonings
 + Level 1.0 Translocations


You had 5 spell levels left.
You knew the following spells:

 Your Spells              Type           Power      Damage    Failure   Level
a - Magic Dart            Conj           16%        1d3       14%         1

Your spell library contained the following spells:

 Spells                   Type           Power      Damage    Failure   Level
 Slow                     Hex            8%         N/A       22%         1
 Blink                    Tloc           8%         N/A       22%         2
 Call Imp                 Summ           4%         N/A       22%         2
 Conjure Flame            Conj/Fire      3%         6-21      45%         3
 Mephitic Cloud           Conj/Pois/Air  3%         N/A       50%         3


Dungeon Overview and Level Annotations

Branches:
Dungeon (1/15)

Altars:


Message History

You kill the goblin!
You see here a +0 spear.
Your magical contamination has completely faded away.
Found 7 stones.
Found a scroll labelled PATEACHOSE.
A rat comes into view.
You see here 7 stones.
A hobgoblin comes into view.
A ball python comes into view.
You barely miss the rat.
The hobgoblin shouts!
The rat closely misses you. The rat bites you.
The ball python hisses angrily.
You hit the rat but do no damage. The rat barely misses you.
You closely miss the rat. The rat bites you. The rat barely misses you.
You hit the rat.
The rat is severely wounded.
The rat bites you.
You closely miss the rat.
The rat is severely wounded.
The ball python closely misses you. The ball python grabs you.
The ball python constricts you. The hobgoblin hits you. The rat misses you.
You barely miss the rat.
The rat is severely wounded.
The ball python bites you but does no damage.
The ball python constricts you. The hobgoblin hits you.
The rat bites you but does no damage. The ball python closely misses you.
The ball python constricts you. The hobgoblin hits you.
* * * LOW HITPOINT WARNING * * *
The rat bites you but does no damage.
Aiming: Magic Dart (safe; 14% risk of failure)
Press: ? - help, Q - select action Shift-Dir - straight line, f - ball python
Aim: a ball python (constricting you, 100% to hit)
You miscast Magic Dart.
You are very lightly contaminated with residual magic.
Nothing appears to happen.
The ball python closely misses you. The ball python constricts you.
* * * LOW HITPOINT WARNING * * *
The hobgoblin hits you.
You die...

#...# #.#.# #.# .. #.####
#### #.#(.. ..# #.####
#.# #....†
#############.###########
.......g@r...............
#..#...S.####..#######.##
#......#........# #.#
#..#.#.....#.r...# #.#
#......#.#.....#.# #.#
#....#.....#.#..... #.##
.........#..?..#.#.# #...
.....#.#.#...#.....# ####


You could see a hobgoblin, a ball python and a rat.

Vanquished Creatures
  A goblin (D:1)
  A frilled lizard (D:1)
  A rat (D:1)
3 creatures vanquished.

Vanquished Creatures (others)
  A fungus (D:1)
1 creature vanquished.

Grand Total: 4 creatures vanquished

Notes
Turn   | Place    | Note
-------+----------+-------------------------------------------
     0 | D:1      | shoemetal68 the Human Hedge Wizard began the quest for the
                  | Orb.
     0 | D:1      | Reached XP level 1. HP: 13/13 MP: 4/4
   129 | D:1      | Slain by a hobgoblin

Illustrated notes

Levels and vault maps discovered:
D:1:      onia_arrival_mini_maze, layout_basic, hangedman_decor_points

Action                   || total
-------------------------++-------
Melee: Mace              ||    12
       Dagger            ||     2
Armor: Robe              ||     5
Dodge: Dodged            ||    11
